Map: Lerilak Crest

Players

lesha

  • Race: Terran Terran
  • League: Silver

Kevlar - Winner!

  • Race: Zerg Zerg

VOD

Have the link to the VOD?

Description

Time

  • Played on: Dec. 24, 2015, 9:51 a.m.
  • Length: 10:44
Show
View Real Time Build Order
Export as new Build Order

lesha Terran 

Build Orders: Liberator Opening, Reaper Expand, MMM Bio 

Get SALT Encoding   

  12  0:01  SCV  
  13  0:13  SCV  
  14  0:18  Supply Depot  
  14  0:25  SCV  
  15  0:39  SCV  
  16  0:43  Barracks  
  16  0:48  Refinery  
  16  0:51  SCV  
  17  1:03  SCV  
  18  1:16  SCV  
  19  1:30  Orbital Command  
  19  1:42  Reaper  
  19  1:45  Command Center  
  19  2:24  Factory  
  19  2:29  Barracks  
  19  2:30  SCV  
  19  2:35  Refinery  
  20  2:42  SCV, Barracks  
  21  2:46  Supply Depot  
  21  2:54  SCV  
  22  3:12  SCV  
  23  3:20  Orbital Command  
  23  3:24  SCV  
  23  3:28  Starport  
  23  3:32  Marine x3  
  28  3:34  Hellion  
  28  3:45  SCV  
  29  3:48  SCV  
  29  3:49  Marine  
  29  3:51  Liberator  
  29  3:54  Supply Depot  
  31  3:57  SCV  
  31  3:59  Supply Depot  
  31  4:00  SCV, Marine x2  
  38  4:14  SCV  
  38  4:15  SCV  
  40  4:19  Marine x2  
  40  4:23  Barracks Tech Lab  
  42  4:27  Hellion  
  44  4:35  SCV x2  
  44  4:36  Bunker  
  47  4:47  SCV x2  
  47  4:51  Barracks Reactor  
  48  4:52  Stimpack  
  48  4:59  SCV x2  
  50  5:01  Medivac  
  50  5:04  Barracks Reactor  
  52  5:08  Marauder  
  52  5:11  SCV x2  
  56  5:16  Engineering Bay  
  56  5:18  Engineering Bay  
  56  5:20  Supply Depot  
  56  5:21  Supply Depot  
  56  5:27  SCV x2  
  58  5:29  Marine x2  
  58  5:31  Medivac  
  62  5:42  SCV x2, Marauder  
  49  5:59  Marine  
  49  6:00  Marine x3  
  49  6:03  Marine  
  35  6:13  SCV  
  35  6:17  Marine  
  19  6:25  SCV  
  17  6:37  SCV  
  17  6:49  SCV, Orbital Command  
  19  7:01  SCV  
  19  7:06  Marine x4  
  17  7:13  SCV  
  18  7:24  Marine x4  
  18  7:25  SCV  
  18  7:27  SCV  
  24  7:37  SCV  
  24  7:39  SCV  
  24  7:42  Marine x2  
  28  7:46  Combat Shields  
  28  7:49  SCV  
  29  7:51  SCV  
  30  8:00  Marine  
  30  8:01  SCV, Marine x2  
  30  8:03  SCV  
  30  8:05  Barracks Reactor  
  35  8:14  SCV  
  35  8:15  SCV  
  35  8:18  Marine x2  
  39  8:26  SCV  
  36  8:28  SCV  
  33  8:53  Marine x2  
  33  8:54  Marine x3  
  36  8:57  SCV x2  
  38  9:09  SCV x2  
  38  9:11  Marine x3  
  38  9:12  Marine x2  
  43  9:18  Command Center  
  43  9:21  SCV  
  43  9:22  SCV  
  45  9:25  Refinery  
  45  9:29  Marine x5  
  50  9:34  SCV x2  
  50  9:46  SCV x2  
  50  9:47  Marine x5  
Show
View Real Time Build Order
Export as new Build Order

Kevlar Zerg - Winner!

Build Orders: Hatch First 

Get SALT Encoding   

  12  0:01  Drone  
  13  0:13  Overlord  
  13  0:17  Drone  
  14  0:31  Drone x2  
  16  0:43  Drone  
  17  0:59  Hatchery  
  17  1:00  Drone x2  
  18  1:17  Spawning Pool  
  18  1:18  Drone  
  18  1:21  Extractor  
  17  1:34  Drone  
  17  1:35  Drone  
  19  1:40  Overlord  
  19  2:01  Drone  
  19  2:02  Drone  
  19  2:04  Queen  
  23  2:19  Queen  
  23  2:21  Drone x2  
  27  2:26  Metabolic Boost  
  26  2:46  Drone x6  
  32  3:02  Zergling x2  
  32  3:03  Zergling x2  
  34  3:13  Lair  
  34  3:16  Extractor  
  33  3:20  Zergling x6  
  33  3:22  Overlord x2  
  36  3:58  Zergling x8  
  36  3:59  Zergling x4  
  42  4:09  Zergling x6  
  45  4:10  Zergling x2  
  46  4:23  Nydus Network  
  45  4:24  Overseer  
  45  4:39  Zergling x2  
  45  4:40  Zergling x12  
  45  4:41  Overlord x2  
  52  5:08  Zergling x2  
  52  5:09  Zergling x18  
  62  5:17  Nydus Canal  
  62  5:22  Zergling x4  
  61  5:41  Spine Crawler  
  41  6:12  Spine Crawler  
  41  6:17  Spine Crawler  
  38  6:23  Queen  
  30  6:33  Drone x3  
  32  6:43  Drone x3  
  32  6:47  Spine Crawler  
  32  6:52  Queen  
  29  6:57  Spore Crawler  
  23  7:02  Spore Crawler  
  18  7:17  Drone x5  
  18  7:18  Drone  
  24  7:27  Queen  
  26  7:48  Spore Crawler, Drone  
  26  7:49  Drone x7  
  33  8:09  Zergling x2  
  33  8:10  Zergling x10  
  39  8:15  Zergling x2  
  39  8:16  Zergling x2  
  34  8:36  Queen  
  31  8:48  Zergling x2  
  31  8:49  Zergling x10  
  35  9:12  Queen  
  37  9:22  Spine Crawler  
  37  9:23  Spine Crawler  
  37  9:24  Drone, Zergling x4  
  36  9:25  Zergling x10  
  43  9:33  Nydus Canal  
  30  10:12  Zergling x2  
  30  10:13  Zergling x16  
  39  10:26  Spine Crawler  
Tags
 
Add a new tag
Caveats
  • Supply blocks, unpowered buildings, or Contaminate may cause inaccurate times.
  • Supply counts are checked every 10 seconds.